 Dungeon Crawl Stone Soup version 0.30.0-5-g1a98f26d00 (webtiles) character file.

Game seed: 13434462955529980910

5600 Pimp the Cleaver (level 10, -8/139 HPs)
             Began as a Hill Orc Fighter on May 8, 2023.
             Killed by vampiric draining
             ... invoked by a vampire
              (15 damage)
             ... on level 9 of the Dungeon.
             The game lasted 00:17:09 (9563 turns).

Pimp the Cleaver (Hill Orc Fighter)                 Turns: 9563, Time: 00:17:09

Health: -8/139     AC: 25    Str: 24    XL:     10   Next: 73%
Magic:  10/10      EV:  2    Int:  8    God:
Gold:   453        SH: 13    Dex: 16    Spells: 9/9 levels left

rFire   . . .        a - +0 war axe (flame)
rCold   . . .        c - +1 buckler
rNeg    . . .        b - melded +0 scale mail
rPois   +            A - melded +0 helmet
rElec   .            (cloak currently unavailable)
rCorr   .            v - melded +0 pair of gloves
SInv    .            D - melded +0 pair of boots
Will    .....        u - amulet of reflection
Stlth   +            s - ring of poison resistance
HPRegen 0.43/turn    g - +6 ring of dexterity
MPRegen 0.12/turn

%: reflection
@: brilliant, tree-form (expiring)
A: stationary, stasis, torment immunity, boosted hp
a: Convert to Beogh


You were on level 9 of the Dungeon.
You were a tree.
You visited 2 branches of the dungeon, and saw 10 of its levels.
You also visited: Sewer.

You collected 589 gold pieces.
You spent 136 gold pieces at shops.

Inventory:

Hand Weapons
 a - a +0 war axe of flaming (weapon)
 h - a +2 heavy spear
 B - a +0 war axe
Missiles
 z - 2 throwing nets (quivered)
Armour
 b - a +0 scale mail (melded)
 c - a +1 buckler (worn)
 v - a +0 pair of gloves (melded)
 A - a +0 helmet (melded)
 D - a +0 pair of boots (melded)
Jewellery
 g - a +6 ring of dexterity (right branch)
 j - a ring of flight
 s - a ring of poison resistance (left branch)
 u - an amulet of reflection (around neck)
 y - the amulet of Elemental Vulnerability {rPois rF-- rC-- AC+8}
   (You found it on level 9 of the Dungeon)

   [amulet of nothing]

   AC:        It affects your AC (+8).
   rF:        It makes you very vulnerable to fire.
   rC:        It makes you very vulnerable to cold.
   rPois:     It protects you from poison.
 E - a ring of resist corrosion
Wands
 i - a wand of flame (20)
 k - a wand of mindburst (24)
 r - a wand of paralysis (4)
 C - a wand of polymorph (13)
Scrolls
 e - 2 scrolls of teleportation
 f - 7 scrolls of identify
 m - 3 scrolls of poison
 n - 2 scrolls of torment
 x - 2 scrolls of enchant armour
Potions
 d - a potion of flight
 l - a potion of brilliance
 o - a potion of resistance
 p - a potion of mutation
 t - a potion of magic
 G - a potion of lignification
Miscellaneous
 q - a lightning rod (4/4)


   Skills:
 + Level 10.1 Fighting
 + Level 10.5 Axes
 + Level 9.3 Armour
 + Level 9.3 Shields


You had 9 spell levels left.
You didn't know any spells.
Your spell library contained the following spells:

 Spells                   Type           Power      Damage    Failure   Level
 Slow                     Hex            0%         N/A       45%         1
 Ensorcelled Hibernation  Hex/Ice        0%         N/A       58%         2
 Passwall                 Tmut/Erth      0%         N/A       58%         2
 Sublimation of Blood     Necr           0%         N/A       58%         2
 Wereblood                Tmut           0%         N/A       58%         2
 Confusing Touch          Hex            0%         N/A       83%         3
 Spider Form              Tmut/Pois      0%         N/A       83%         3
 Swiftness                Air            0%         N/A       83%         3
 Vampiric Draining        Necr           0%         2d6       83%         3
 Anguish                  Hex/Necr       0%         N/A       99%         4
 Summon Hydra             Summ           0%         N/A       100%        7


Dungeon Overview and Level Annotations

Branches:
Dungeon (9/15)             Temple (1/1) D:7            Lair (0/5) D:8
    Orc (0/2) D:9           Sewer (visited)

Altars:
Ashenzari
Cheibriados
Dithmenos
Elyvilon
Fedhas
Gozag
Hepliaklqana
Kikubaaqudgha
Makhleb
Nemelex Xobeh
Okawaru
Qazlal
Ru
Sif Muna
Trog
Uskayaw
Vehumet
Wu Jian
Xom
Yredelemnul
Zin

Shops:
D:3 *(=([


Message History

You hit something. You burn something.
The orc priest invokes the aid of Beogh against you.
Beogh smites you!
* * * LOW HITPOINT WARNING * * *
You block the gnoll sergeant's attack. Something hits you but does no damage.
Something bites you but does no damage.
You miss something. You block the gnoll sergeant's attack.
Something hits you but does no damage. Something bites you but does no damage.
You closely miss something. You block the gnoll sergeant's attack.
Something hits you but does no damage. Something bites you but does no damage.
You hit something. You burn something.
The orc priest invokes the aid of Beogh against you.
Beogh smites you!
* * * LOW HITPOINT WARNING * * *
The gnoll sergeant hits you from afar with a +0 trident!
* * * LOW HITPOINT WARNING * * *
Something draws life force from you!
* * * LOW HITPOINT WARNING * * *
You feel better.
The gnoll sergeant hits you but does no damage.
Something hits you but does no damage. Something bites you but does no damage.
Unknown command.
As you read the scroll labelled JUDAR LEAB BAOR, it crumbles to dust.
You feel aware of your surroundings.
It was a scroll of magic mapping.
Your transformation is almost over.
You block the gnoll sergeant's attack. You block something's attack.
Something bites you but does no damage.
Unknown command.
You cannot move.
You cannot move.
You cannot move.
You cannot move.
You closely miss something.
The gnoll sergeant hits you but does no damage.
Something hits you!
* * * LOW HITPOINT WARNING * * *
Something bites you but does no damage.
You slash something! You burn something. You block the gnoll sergeant's attack.
Something draws life force from you!
You die...

...........# ##'###.....#
##..##>....# #..........#
#..........# ##..###'####
######.....#
.....#..)..###########
.....#..........♣{Yo.#####
.....#.........###g......#
######...###.........##..#
.......#.#,####...####.#.#
.......#.##,,,#####,gF#*.#
.......#..#,,,,,,,....*,.#
.......#..#,,*,,.o.#V,*,.#
#'#....#..##,,**##*.o**,.#
..#....#...#,,****#.,*,,##


You could see a yak, a gnoll sergeant and an orc priest.

Vanquished Creatures
  A hornet (D:8)
  A troll (D:9)
  11 yaks (D:9)
  A wyvern (D:8)
  The ghost of mkat the Vexing, an amateur HOEn (D:4)
  A water moccasin (Sewer)
  A black bear (D:6)
  2 orc warriors
  3 ice beasts
  A phantom (D:6)
  4 kobold brigands
  Blork the orc (D:4)
  7 bullfrogs
  A scorpion (D:6)
  9 wights (D:9)
  11 killer bees
  2 howler monkeys
  2 quasits (D:4)
  An orc priest (D:8)
  4 hounds
  A gnoll bouda (D:5)
  5 iguanas
  A sleepcap (D:7)
  4 orc wizards
  Robin (D:3)
  3 gnolls (D:5)
  8 adders
  A shadow imp (D:8)
  A white imp (D:7)
  2 ufetubi
  4 worms
  A dart slug (D:1)
  20 orcs
  7 ball pythons
  7 bats
  6 endoplasms
  4 giant cockroaches
  11 goblins
  15 hobgoblins
  3 jackals (Sewer)
  17 kobolds
  2 quokkas
  5 frilled lizards
  10 rats
204 creatures vanquished.

Vanquished Creatures (others)
  A kobold (D:4)
1 creature vanquished.

Grand Total: 205 creatures vanquished

Notes
Turn   | Place    | Note
-------+----------+-------------------------------------------
     0 | D:1      | Pimp the Hill Orc Fighter began the quest for the Orb.
     0 | D:1      | Reached XP level 1. HP: 19/19 MP: 1/1
   268 | D:1      | Reached XP level 2. HP: 26/27 MP: 2/2
   777 | D:1      | Reached XP level 3. HP: 33/33 MP: 3/3
  1401 | D:2      | Reached XP level 4. HP: 32/40 MP: 4/4
  1840 | D:3      | Found Poro's Antique Armour Boutique.
  1905 | D:3      | Found Dyrodel's Antique Weapon Shoppe.
  1906 | D:3      | Found Fine's Jewellery Emporium.
  1970 | D:3      | Noticed Robin
  1982 | D:3      | Noticed a kobold brigand
  1989 | D:3      | Noticed a kobold brigand
  1995 | D:3      | HP: 2/41 [hobgoblin[Robin] (3)]
  2000 | D:3      | Noticed a +0 giant club
  2002 | D:3      | Found Yseklal's Weapon Shoppe.
  2004 | D:3      | Noticed a +0 triple crossbow
  2224 | D:3      | Found a glowing drain.
  2228 | Sewer    | Entered a sewer
  2300 | Sewer    | Noticed a water moccasin
  2313 | Sewer    | Killed a water moccasin
  2314 | Sewer    | Reached skill level 5 in Fighting
  2314 | Sewer    | Reached XP level 5. HP: 25/48 MP: 5/5
  2516 | D:3      | Killed a kobold brigand
  2517 | D:3      | Reached XP level 6. HP: 16/56 MP: 6/6
  2860 | D:3      | Found Nurug's Assorted Antiques.
  2915 | D:3      | Bought a scroll labelled BOEZXO DOUPI for 17 gold pieces
  2915 | D:3      | Bought a scroll labelled NAFASO OFOU for 17 gold pieces
  2915 | D:3      | Bought a scroll labelled NAFASO OFOU for 17 gold pieces
  2915 | D:3      | Bought a dented ruby amulet for 85 gold pieces
  3114 | D:3      | Killed Robin
  3115 | D:3      | Reached skill level 5 in Axes
  3115 | D:3      | Reached skill level 5 in Armour
  3286 | D:4      | Reached skill level 5 in Shields
  3331 | D:4      | Found a transporter.
  3344 | D:4      | Reached XP level 7. HP: 56/61 MP: 7/7
  3394 | D:4      | Found a transporter.
  3442 | D:4      | Noticed mkat's ghost (amateur HOEn)
  3474 | D:4      | Killed mkat's ghost
  3820 | D:4      | Noticed Blork the orc
  3836 | D:4      | Killed Blork the orc
  4085 | D:4      | Found a glowing silver altar of Zin.
  4111 | D:4      | Found a hazy altar of Hepliaklqana.
  4199 | D:5      | Entered Level 5 of the Dungeon
  4387 | D:5      | Reached XP level 8. HP: 49/71 MP: 8/8
  5042 | D:6      | Found a burning altar of Makhleb.
  5092 | D:6      | Found a blossoming altar of Fedhas.
  5471 | D:6      | Noticed a green death
  5475 | D:6      | Noticed a smoke demon
  5687 | D:7      | Found an ornate altar of the Wu Jian Council.
  5820 | D:7      | Reached XP level 9. HP: 76/80 MP: 9/9
  6463 | D:7      | Found a staircase to the Ecumenical Temple.
  6775 | Temple   | Entered the Ecumenical Temple
  6979 | D:8      | Found a bloodstained altar of Trog.
  7100 | D:8      | Found a staircase to the Lair.
  7675 | D:8      | Noticed a hornet
  7693 | D:8      | Killed a hornet
  7982 | D:9      | Reached XP level 10. HP: 60/91 MP: 10/10
  8197 | D:9      | Found the amulet of Elemental Vulnerability {rPois rF--
                  | rC-- AC+8}
  8296 | D:9      | Reached skill level 10 in Axes
  8584 | D:9      | Found a staircase to the Orcish Mines.
  9235 | D:9      | Reached skill level 10 in Fighting
  9563 | D:9      | Killed from afar by a vampire

Illustrated notes

Levels and vault maps discovered:
D:1:      dpeg_arrival_snail, layout_loops_corners, palyth_stone_intersect
D:2:      layout_loops_ring, minmay_tiny_reverse_x
D:3:      cheibrodos_thug_alley, layout_rooms, serial_shops,
          nicolae_shop_waterfront, shop, nicolae_shop_peninsula, shop,
          nicolae_shop_mannequins, gup_sewer_entry_bowl, uniq_robin
D:4:      layout_basic, mainiacjoe_overflow_two_lobes,
          gammafunk_ghost_stat_death, uniq_blork_the_orc
D:5:      layout_rooms, lexackson_kobold_supper
D:6:      layout_cave_pools, mainiacjoe_overflow_cross_hatched,
          makhleb_altar_promises_db, serial_bayou_crossing
D:7:      layout_cave_pods, overflow_temple_1_default,
          minmay_temple_entry_nine_rooms, hellmonk_no_cap
D:8:      layout_basic, bloody_trog, lair_entry_dummy, lightli_orcish_oven
D:9:      layout_gridville, orc_0_dummy, minmay_pinched_square
Temple:   hellmonk_temple_two_chambers

Skill      XL: |  1  2  3  4  5  6  7  8  9 10 |
---------------+-------------------------------+-----
Axes           | 3 4 5 6 7 9 10 | 10.5
Fighting       | 4 5 6 7 9 10 | 10.1
Shields        | 4 5 7 8 9 |  9.3
Armour         | 4 5 7 8 9 |  9.3

Action                     |  1- 3 |  4- 6 |  7- 9 | 10-12 || total
---------------------------+-------+-------+-------+-------++-------
  Melee: War axe           |    13 |    18 |   308 |   157 ||   496
         Spear             |    86 |   121 |       |       ||   207
    Use: Potion            |       |     8 |     3 |     4 ||    15
         Scroll            |       |    11 |     7 |     2 ||    20
 Armour: Scale mail        |    68 |    89 |   169 |    43 ||   369
         Skin              |       |       |       |    50 ||    50
  Dodge: Dodged            |    65 |   112 |   124 |    37 ||   338
  Block: Buckler           |    34 |    74 |   257 |   102 ||   467
         Reflection        |       |       |     6 |       ||     6
